 Dungeon Crawl Stone Soup version 0.29.1-1-gd02db6906a (webtiles) character file.

Game seed: 14440893288507084502

194 MisterFreud the Twirler (level 6, -7/46 HPs)
             Began as a Formicid Gladiator on Sept 28, 2022.
             Mangled by an iguana (9 damage)
             ... on level 3 of the Dungeon.
             The game lasted 00:02:46 (1825 turns).

MisterFreud the Twirler (Formicid Gladiator)        Turns: 1825, Time: 00:02:47

Health: -7/46      AC:  5    Str: 21    XL:     6   Next: 3%
Magic:  6/6        EV: 12    Int:  7    God:
Gold:   137        SH:  0    Dex: 15    Spells: 5/5 levels left

rFire   . . .      SeeInvis +   a - +0 quarterstaff (vamp)
rCold   . . .      Faith    .   j - orb {light}
rNeg    . . .      Spirit   .   b - +0 leather armour
rPois   .          Reflect  .   (helmet unavailable)
rElec   .          Harm     .   h - +1 cloak
rCorr   .          Rampage  .   (no gloves)
Will    .....                   (no boots)
Stlth   +.........              (no amulet)
HPRegen 0.15/turn               (no ring)
MPRegen 0.10/turn               (no ring)

@: glowing
A: permanent stasis, dig shafts and tunnels, antennae 3, four strong arms
a: Dig, Shaft Self


You were on level 3 of the Dungeon.
You visited 1 branch of the dungeon, and saw 3 of its levels.

You collected 137 gold pieces.

Inventory:

Hand Weapons
 a - a +0 vampiric quarterstaff (weapon)
 p - the +2 short sword "Plog" {protect, rC+ Will+++ MP-9 Int+2}
   (You found it on level 2 of the Dungeon)

   It grants its wielder temporary protection when it strikes (+7 to AC).
   Int:       It affects your intelligence (+2).
   rC:        It protects you from cold.
   MP:        It affects your magic capacity (-9).
   Will:      It greatly increases your willpower.
Missiles
 c - 3 throwing nets (quivered)
 d - 6 javelins
 f - 5 boomerangs
 n - 4 poisoned darts
Armour
 b - a +0 leather armour (worn)
 h - a +1 cloak (worn)
 j - an orb of light (worn)
Scrolls
 k - 2 scrolls of poison
Potions
 e - a potion of magic
 g - a potion of might {unknown}
 i - 3 potions of flight
 l - a potion of resistance {unknown}
 m - a potion of attraction {unknown}
 o - 2 potions of curing


   Skills:
 + Level 2.9 Fighting
 - Level 6.0 Staves
 - Level 2.0 Throwing
 - Level 2.6 Dodging


You had 5 spell levels left.
You didn't know any spells.
Your spell library contained the following spells:

 Spells                   Type           Power      Damage    Failure   Level
 Gell's Gravitas          Tloc           0%         N/A       85%         3
 Teleport Other           Tloc           0%         N/A       85%         3
 Dispersal                Tloc           0%         N/A       100%        6


Dungeon Overview and Level Annotations

Branches:
Dungeon (3/15)

Altars:
Wu Jian


Innate Abilities, Weirdness & Mutations

You cannot be hasted, slowed, berserked, paralysed or teleported.
You can dig through walls and to a lower floor.
You have a pair of large antennae on your head. (SInv)
Your four strong arms can wield two-handed weapons with a shield.


Message History

The endoplasm moves out of view.
The iguana hisses angrily.
The white imp gestures at you. The puff of frost misses you.
The white imp gestures at you. The puff of frost hits you.
There are monsters nearby!
The hobgoblin hits you.
You hit the white imp but do no damage. The hobgoblin misses you.
The white imp hits you. The white imp freezes you.
You are too injured to fight recklessly!
You are too injured to fight recklessly!
The endoplasm quivers.
The iguana bites you!
* * * LOW HITPOINT WARNING * * *
You sock the hobgoblin!
You feel better.
You kill the hobgoblin!
The iguana barely misses you. The white imp closely misses you.
Okay, then.
Really read the scroll of poison?
The air fills with toxic fumes!
As you read the scroll of poison, it crumbles to dust.
The white imp hits you but does no damage.
The iguana bites you.
* * * LOW HITPOINT WARNING * * *
Unknown command.
You hit the iguana.
The iguana is lightly wounded.
The white imp barely misses you. The iguana closely misses you.
You hit the iguana but do no damage.
The iguana is lightly wounded.
The white imp hits you but does no damage.
The iguana bites you but does no damage.
You sock the iguana!
The iguana is severely wounded.
The white imp gestures at you. The puff of frost hits you.
* * * LOW HITPOINT WARNING * * *
The iguana bites you!
You die...

.# #. ####.######
####. #....§.....
.§#§ #...§§....? .§§
#..§§§..... #§##
#.§§§§.....
#§§###§§§§§.....
##§#§#§§§§§§§§§§.....
.§§§§§§5@§§§#########
.§§§§§§l§§J§#
.§§§§§§§§§§§§§#
.§§§§§#§§§§##§§#
.§§§§§#§§§§# .§§.
.§§§§.###### .§..
.§§§. .... .§§§. ...


You could see an iguana, a white imp and an endoplasm.

Vanquished Creatures
  Terence (D:2)
  An iguana (D:2)
  Natasha (thrice) (D:2)
  3 adders
  2 dart slugs
  2 ball pythons (D:1)
  3 endoplasms
  A giant cockroach (D:2)
  3 goblins
  5 hobgoblins
  3 kobolds
  2 quokkas (D:2)
  5 bats
  4 frilled lizards
  5 rats
43 creatures vanquished.

Notes
Turn   | Place    | Note
-------+----------+-------------------------------------------
     0 | D:1      | MisterFreud the Formicid Gladiator began the quest for the
                  | Orb.
     0 | D:1      | Reached XP level 1. HP: 16/16 MP: 1/1
    94 | D:1      | Reached XP level 2. HP: 9/22 MP: 2/2
  1092 | D:2      | Reached skill level 4 in Staves
  1092 | D:2      | Reached XP level 3. HP: 26/27 MP: 3/3
  1192 | D:2      | Noticed Terence
  1195 | D:2      | Noticed Natasha
  1206 | D:2      | Killed Terence
  1207 | D:2      | Reached XP level 4. HP: 22/33 MP: 4/4
  1226 | D:2      | Killed Natasha
  1227 | D:2      | Reached skill level 5 in Staves
  1340 | D:2      | Reached XP level 5. HP: 35/38 MP: 5/5
  1602 | D:2      | Found an ornate altar of the Wu Jian Council.
  1625 | D:2      | Noticed Natasha
  1633 | D:2      | Killed Natasha
  1666 | D:2      | Noticed Natasha
  1671 | D:2      | Killed Natasha
  1672 | D:2      | Reached skill level 6 in Staves
  1673 | D:2      | Identified the +2 short sword "Plog" {protect, rC+ Will+++
                  | MP-9 Int+2}
  1793 | D:3      | Reached XP level 6. HP: 32/46 MP: 6/6
  1825 | D:3      | HP: 2/46 [white imp/puff of frost (6)]
  1825 | D:3      | Mangled by an iguana

Illustrated notes

Levels and vault maps discovered:
D:1:      scummos_arrival_star, layout_loops_cross
D:2:      layout_rooms, basic_altar, grunt_ministairs_6, uniq_natasha,
          uniq_terence
D:3:      layout_basic, mainiacjoe_overflow_catwalk_spiral,
          minmay_misc_feat_four_crosses, hangedman_abyss_or_decor_stabs,
          uniq_robin

Skill      XL: |  1  2  3  4  5 |
---------------+----------------+-----
Staves         | 4 5 6 |  6.0
Fighting       | |  2.9
Throwing       | |  2.0
Dodging        | |  2.6

Action                   |  1- 3 |  4- 6 || total
-------------------------+-------+-------++-------
Melee: Quarterstaff      |    50 |    71 ||   121
  Use: Scroll            |     5 |     6 ||    11
Armor: Leather armour    |    24 |    15 ||    39
Dodge: Dodged            |    55 |    49 ||   104
